Map: Orbital Shipyard

Players

Nerchio - Winner!

  • Race: Zerg Zerg
  • League: Grandmaster

Serral

  • Race: Zerg Zerg
  • League: Grandmaster

Event: DreamHack ZOWIE Open Leipzig

VOD

Have the link to the VOD?

Description

Time

  • Played on: Jan. 22, 2016, 8:35 a.m.
  • Length: 22:24

All games in this series

Show
View Real Time Build Order
Export as new Build Order

Nerchio Zerg - Winner!

Build Orders: Hatch First, Lurkers 

Get SALT Encoding   

  12  0:00  Drone  
  13  0:12  Overlord  
  13  0:17  Drone  
  14  0:30  Drone x2  
  14  0:34  Drone  
  17  0:51  Hatchery  
  17  0:55  Drone  
  17  0:58  Drone  
  17  1:03  Extractor  
  17  1:14  Spawning Pool  
  17  1:17  Drone  
  17  1:20  Drone  
  18  1:28  Drone  
  19  1:38  Overlord  
  19  2:00  Queen  
  21  2:01  Zergling x4  
  21  2:04  Queen  
  21  2:05  Metabolic Boost  
  26  2:08  Drone  
  26  2:11  Drone  
  27  2:16  Drone  
  28  2:26  Drone  
  28  2:27  Baneling Nest  
  28  2:28  Drone  
  29  2:33  Drone  
  30  2:38  Drone  
  30  2:43  Overlord  
  31  2:48  Zergling x2  
  32  2:59  Zergling x2  
  32  3:01  Drone  
  34  3:06  Drone  
  34  3:09  Drone  
  34  3:10  Drone  
  34  3:12  Drone x2  
  39  3:13  Queen  
  41  3:26  Zergling x2  
  40  3:27  Hatchery  
  40  3:28  Zergling x2  
  40  3:29  Zergling x2  
  41  3:34  Overlord  
  41  3:39  Drone x2  
  43  3:42  Overlord  
  43  3:50  Baneling  
  43  3:51  Drone  
  43  3:52  Drone  
  43  3:53  Drone x3  
  48  3:59  Zergling x4  
  50  4:04  Zergling x4  
  50  4:08  Extractor  
  50  4:09  Evolution Chamber  
  49  4:18  Drone x3  
  49  4:21  Roach Warren  
  49  4:22  Baneling x2  
  49  4:23  Drone x3  
  54  4:25  Drone  
  54  4:27  Drone  
  54  4:29  Drone  
  54  4:31  Drone  
  58  4:34  Extractor  
  58  4:38  Lair  
  57  4:42  Zerg Missile Weapons Level 1  
  57  4:48  Zergling x2  
  58  4:56  Baneling x2  
  58  4:58  Baneling  
  58  5:01  Roach x2  
  58  5:04  Queen  
  63  5:10  Baneling x2  
  63  5:11  Roach  
  63  5:22  Drone  
  63  5:23  Drone x2  
  63  5:25  Drone  
  63  5:26  Overlord x2  
  61  5:29  Overlord x2  
  61  5:31  Drone x2  
  61  5:32  Drone  
  61  5:35  Drone  
  65  5:36  Overseer  
  65  5:38  Drone  
  66  5:43  Overlord  
  66  5:44  Queen  
  66  5:45  Drone x3  
  66  5:46  Drone  
  72  5:50  Glial Reconstitution  
  72  5:55  Drone x4  
  72  5:56  Drone  
  77  5:58  Drone  
  77  6:00  Drone x2  
  77  6:01  Drone  
  81  6:04  Extractor  
  81  6:05  Extractor  
  81  6:06  Drone  
  81  6:07  Drone x2  
  82  6:12  Drone  
  82  6:13  Roach x2  
  82  6:18  Roach x2  
  91  6:19  Pneumatized Carapace  
  91  6:20  Queen  
  91  6:24  Roach  
  95  6:26  Evolution Chamber  
  95  6:27  Overlord x2  
  95  6:29  Roach  
  95  6:32  Roach  
  98  6:33  Overlord  
  98  6:35  Overlord  
  98  6:38  Zerg Missile Weapons Level 2  
  98  6:41  Overlord  
  98  6:45  Drone x3  
  101  6:47  Extractor  
  101  6:49  Roach x2  
  101  6:50  Roach  
  101  6:52  Ravager x3  
  101  6:53  Ravager  
  110  6:54  Roach  
  110  6:56  Overlord  
  110  7:00  Roach x2  
  116  7:03  Roach x2  
  116  7:08  Roach x3  
  126  7:11  Roach x2  
  126  7:12  Drone  
  126  7:13  Drone  
  132  7:17  Roach x2  
  136  7:27  Roach  
  136  7:28  Roach x2  
  142  7:30  Roach  
  142  7:33  Hatchery, Overlord  
  143  7:43  Roach x5  
  153  7:45  Hydralisk Den  
  153  7:48  Roach  
  153  7:49  Overlord x2  
  154  7:52  Overlord  
  154  7:53  Roach  
  154  7:56  Roach  
  158  8:00  Roach  
  158  8:01  Roach  
  162  8:07  Zerg Ground Armor Level 1  
  162  8:16  Drone x2  
  162  8:17  Drone x2, Overlord x2  
  162  8:18  Lurker Den  
  162  8:19  Hydralisk x2  
  170  8:22  Overlord  
  170  8:27  Roach x3  
  170  8:29  Ravager x2  
  170  8:30  Overlord, Ravager  
  179  8:34  Overlord  
  179  8:36  Hydralisk x2  
  179  8:40  Hydralisk  
  185  8:41  Hydralisk  
  187  8:52  Roach x5  
  187  8:53  Drone x2  
  187  8:55  Extractor  
  198  9:09  Roach  
  200  9:23  Roach  
  200  9:24  Roach  
  194  9:31  Roach  
  194  9:32  Roach  
  195  9:44  Lurker  
  195  9:45  Lurker x4  
  200  10:32  Zerg Ground Armor Level 2  
  200  10:35  Infestation Pit  
  199  10:40  Hatchery  
  199  10:42  Spore Crawler x3, Hydralisk  
  195  10:43  Spore Crawler x2, Hydralisk x2  
  195  10:44  Spore Crawler x2, Hydralisk  
  195  10:45  Spore Crawler, Hydralisk  
  208  10:52  Overseer x2  
  205  11:38  Roach x2  
  198  11:40  Roach  
  198  11:46  Roach x3  
  186  11:54  Roach x7  
  180  12:03  Drone x2  
  180  12:04  Lurker x2  
  180  12:05  Lurker, Queen  
  180  12:06  Roach x8  
  199  12:13  Hive  
  198  12:17  Overseer  
  196  12:27  Hydralisk  
  198  12:35  Overseer  
  195  12:47  Hydralisk x2, Extractor  
  198  12:52  Nydus Network  
  197  13:10  Hydralisk x2  
  168  13:13  Hydralisk x3  
  168  13:15  Roach  
  168  13:16  Hatchery, Roach x3  
  168  13:17  Roach x3  
  187  13:22  Roach  
  168  13:29  Roach x10  
  168  13:30  Roach x2  
  168  13:31  Roach  
  168  13:32  Hydralisk, Roach x4  
  168  13:33  Hydralisk x5  
  180  13:36  Roach x2, Queen  
  180  13:37  Roach Warren  
  180  13:38  Roach, Queen  
  180  13:40  Roach  
  191  13:43  Roach  
  191  13:44  Roach x2  
  198  13:48  Lurker  
  198  13:49  Lurker x2  
  198  13:52  Roach x2  
  199  14:01  Roach  
  189  14:07  Roach x7  
  198  14:12  Hydralisk  
  198  14:35  Muscular Augments  
  198  14:37  Extractor  
  197  14:39  Overlord  
  197  14:40  Overlord  
  188  14:53  Roach  
  188  14:57  Roach x7  
  198  15:00  Roach  
  198  15:01  Roach  
  198  15:02  Roach  
  198  15:03  Roach  
  193  15:10  Overlord  
  193  15:12  Overlord  
  187  15:14  Tunneling Claws  
  187  15:15  Burrow  
  187  15:20  Roach  
  181  15:26  Roach x7  
  170  15:29  Roach  
  170  15:30  Roach x5  
  170  15:33  Overseer  
  176  15:36  Viper x2  
  176  15:37  Viper  
  171  15:56  Roach x6  
  159  16:01  Hatchery, Roach  
  159  16:02  Roach  
  140  16:04  Roach  
  140  16:08  Roach  
  140  16:10  Roach  
  144  16:16  Roach  
  144  16:17  Roach  
  148  16:22  Roach  
  148  16:26  Roach  
  148  16:29  Roach  
  152  16:34  Roach x30  
  152  16:38  Roach  
  156  16:41  Roach  
  158  16:48  Roach  
  158  16:51  Overseer  
  158  16:55  Drone  
  144  17:17  Drone x4  
  144  17:22  Overseer  
  148  17:45  Hydralisk  
  148  17:46  Hydralisk  
  152  17:54  Hydralisk  
  154  18:06  Hydralisk  
  154  18:12  Hydralisk  
  158  18:17  Hydralisk  
  158  18:28  Hydralisk  
  158  18:38  Drone x2  
  158  18:39  Drone  
  158  18:40  Drone x3  
  164  18:55  Roach x3  
  170  18:57  Viper  
  173  19:07  Roach x2  
  177  19:23  Roach x6  
  189  19:25  Roach  
  189  19:28  Roach x9  
  189  19:29  Roach x5  
  191  19:34  Roach  
  191  19:35  Roach  
  191  19:37  Roach  
  145  19:42  Drone x3  
  145  19:44  Roach  
  137  19:46  Drone  
  137  19:50  Drone x2  
  137  20:08  Drone  
  137  20:14  Overseer  
  136  20:24  Drone x4  
  136  20:27  Hatchery  
  139  20:41  Drone  
  139  20:42  Drone x2  
  142  20:47  Hydralisk  
  142  20:48  Hydralisk  
  146  21:05  Hydralisk x4  
  135  21:20  Roach  
  135  21:21  Roach x2  
  135  21:24  Roach  
  104  21:43  Roach  
  100  21:54  Roach  
Show
View Real Time Build Order
Export as new Build Order

Serral Zerg 

Build Orders: Hatch First, Lurkers 

Get SALT Encoding   

  12  0:00  Drone  
  13  0:12  Overlord  
  13  0:17  Drone  
  14  0:30  Drone x2  
  14  0:35  Drone  
  17  0:50  Hatchery  
  17  0:54  Drone  
  18  0:57  Drone  
  18  0:59  Extractor  
  17  1:07  Drone  
  18  1:15  Spawning Pool  
  17  1:19  Drone  
  18  1:28  Drone  
  19  1:38  Overlord  
  19  2:01  Queen  
  19  2:02  Metabolic Boost, Queen, Zergling x4  
  19  2:05  Drone  
  26  2:12  Drone  
  26  2:13  Drone  
  28  2:20  Baneling Nest  
  28  2:21  Drone  
  28  2:25  Zergling x2  
  29  2:32  Overlord  
  29  2:34  Drone  
  30  2:44  Drone  
  30  2:45  Drone  
  32  2:54  Drone  
  32  2:58  Zergling x2  
  34  3:07  Overlord  
  34  3:08  Drone  
  34  3:11  Zergling x2  
  36  3:13  Drone x4  
  36  3:14  Drone  
  40  3:31  Zergling x8  
  42  3:36  Extractor  
  42  3:37  Hatchery  
  42  3:38  Evolution Chamber  
  42  3:40  Baneling x2  
  39  3:42  Overlord  
  39  3:43  Drone x2  
  39  3:45  Drone  
  42  3:48  Drone  
  42  3:50  Drone x2  
  42  3:54  Baneling  
  45  3:58  Drone x2  
  47  4:08  Zerg Missile Weapons Level 1  
  47  4:13  Drone x2  
  47  4:14  Drone  
  49  4:21  Overlord  
  49  4:23  Lair  
  49  4:25  Extractor  
  49  4:26  Roach Warren  
  49  4:28  Zergling x8  
  49  4:31  Overlord  
  51  4:41  Drone x3  
  51  4:43  Drone  
  55  4:50  Drone x2  
  55  4:51  Overlord  
  57  4:53  Drone x2, Queen  
  57  4:55  Drone  
  57  4:57  Baneling x2  
  62  5:05  Drone x2  
  63  5:07  Drone x3  
  66  5:15  Roach x3  
  69  5:28  Drone x4  
  64  5:29  Drone x2  
  64  5:31  Glial Reconstitution  
  64  5:33  Roach x2  
  64  5:34  Overseer  
  72  5:40  Roach x2  
  76  5:47  Extractor  
  76  5:49  Drone x2, Extractor  
  76  5:54  Ravager x3  
  76  5:55  Ravager  
  76  5:56  Overlord  
  80  5:57  Drone  
  80  6:00  Extractor  
  80  6:06  Overlord  
  80  6:07  Drone  
  80  6:08  Drone x8  
  89  6:15  Drone, Hydralisk Den  
  89  6:19  Zerg Missile Weapons Level 2  
  89  6:20  Overlord  
  89  6:21  Overlord  
  89  6:27  Drone  
  89  6:30  Overlord  
  89  6:31  Drone  
  91  6:34  Roach x3  
  91  6:35  Roach  
  91  6:38  Overlord  
  99  6:44  Roach x4  
  99  6:45  Roach  
  109  6:49  Overlord  
  109  6:51  Overlord, Ravager  
  109  6:53  Roach  
  112  6:56  Roach  
  114  7:03  Overlord x2, Lurker Den  
  114  7:04  Roach x2  
  114  7:08  Roach x4  
  124  7:09  Roach x2  
  124  7:14  Ravager  
  131  7:23  Overlord x2  
  131  7:26  Hatchery, Overseer  
  130  7:30  Overlord  
  130  7:33  Roach x4  
  130  7:34  Roach  
  140  7:43  Roach x6  
  152  7:54  Roach x4  
  152  7:55  Roach x2  
  164  8:06  Ravager x2, Hydralisk x4  
  164  8:07  Hydralisk  
  176  8:19  Pneumatized Carapace  
  176  8:22  Hydralisk  
  176  8:23  Overlord  
  176  8:24  Overlord x3  
  176  8:26  Overlord x2  
  178  8:29  Extractor  
  178  8:30  Overlord  
  177  8:35  Lurker  
  177  8:39  Queen  
  177  8:41  Overlord  
  180  8:44  Lurker x3  
  180  8:46  Lurker  
  184  8:50  Drone, Spine Crawler, Extractor  
  184  8:51  Drone  
  184  8:52  Spine Crawler  
  184  8:53  Drone  
  184  9:04  Zerg Ground Armor Level 1  
  184  9:14  Roach x4  
  184  9:15  Roach x2  
  184  9:27  Roach x8, Queen  
  184  9:37  Drone x3, Infestation Pit  
  184  9:38  Drone  
  178  10:13  Hydralisk x5  
  188  10:15  Lurker  
  188  10:19  Overlord  
  189  10:35  Hive  
  189  10:39  Overlord  
  189  10:40  Burrow  
  189  10:42  Tunneling Claws  
  189  10:45  Roach x3  
  189  10:46  Roach x2  
  199  10:53  Overlord  
  199  10:54  Overseer  
  199  10:56  Hatchery, Overseer  
  198  11:10  Drone x2, Muscular Augments  
  159  11:47  Drone  
  159  11:48  Drone x4  
  159  11:53  Drone  
  159  11:54  Drone x2, Roach x2  
  143  11:59  Viper x3  
  143  12:00  Viper x2  
  146  12:02  Overseer, Roach x19  
  146  12:03  Drone x3  
  146  12:04  Drone x2  
  146  12:05  Drone x5, Queen  
  146  12:07  Drone x4  
  162  12:09  Drone x2, Queen  
  162  12:12  Roach  
  162  12:13  Roach  
  162  12:14  Roach  
  162  12:15  Roach x5  
  178  12:25  Lurker x2  
  178  12:26  Lurker x2  
  182  12:33  Hydralisk x3  
  184  12:52  Overlord  
  184  12:53  Overlord  
  184  12:54  Roach x7  
  184  12:56  Hydralisk x2, Roach x3  
  188  13:15  Roach x5  
  172  13:32  Roach  
  172  13:33  Roach x6  
  168  13:39  Drone x2  
  170  13:44  Roach  
  170  13:45  Roach  
  170  14:11  Roach  
  170  14:12  Roach x6  
  188  14:22  Roach x4  
  188  14:23  Roach  
  178  14:31  Roach x2  
  178  14:32  Roach x6  
  187  14:53  Roach x4  
  191  15:08  Roach x4  
  191  15:10  Hatchery  
  191  15:11  Overseer x2  
  189  15:22  Roach x17  
  189  15:24  Roach  
  167  15:29  Roach x9  
  167  15:30  Roach  
  185  15:39  Zerg Missile Weapons Level 3  
  171  15:54  Roach x7  
  107  16:12  Viper x4  
  119  16:20  Roach x3  
  120  16:27  Roach x2  
  121  16:41  Roach  
  121  16:42  Roach x4  
  127  17:08  Hydralisk x4  
  123  17:09  Hydralisk  
  123  17:10  Hydralisk  
  116  17:29  Roach x14  
  113  17:40  Lurker x2  
  115  17:53  Hatchery  
  114  18:03  Roach x6  
  114  18:08  Hydralisk x4  
  114  18:10  Lurker x4  
  126  18:26  Roach x8  
  122  18:39  Lurker  
  122  18:40  Lurker x3  
  118  18:45  Hydralisk x2  
  120  18:54  Hatchery  
  111  19:08  Hydralisk x2  
  115  19:14  Roach x3  
  115  19:20  Hydralisk  
  117  19:31  Roach x3  
  91  19:45  Roach  
  87  19:46  Roach x8  
  97  19:57  Roach x3  
  90  20:02  Hatchery  
  90  20:05  Lurker x2  
  88  20:24  Lurker  
  87  20:29  Hydralisk  
  89  20:41  Hydralisk  
  91  20:44  Roach x3  
  91  20:50  Hydralisk  
  93  20:57  Lurker, Roach x3  
  94  21:06  Hydralisk  
  79  21:25  Roach x4  
  69  21:38  Roach x4  
  54  21:49  Roach x3  
  54  21:50  Roach x4  
  31  21:54  Roach  
  31  21:55  Roach x2  

Tags
 
Add a new tag
Caveats
  • Supply blocks, unpowered buildings, or Contaminate may cause inaccurate times.
  • Supply counts are checked every 10 seconds.